 Dungeon Crawl Stone Soup version 0.21.1-1-g345015f (webtiles) character file.

8 shakethe the Skirmisher (level 2, 18/24 HPs)
             Began as a Demonspawn Fighter on Feb 21, 2018.
             Quit the game on level 1 of the Dungeon.
             The game lasted 00:00:13 (97 turns).

shakethe the Skirmisher (Demonspawn Fighter)          Turns: 97, Time: 00:00:13

Health: 18/24      AC:  6    Str: 16    XL:     2   Next: 0%
Magic:  2/2        EV:  6    Int:  9    God:
Gold:   9          SH:  8    Dex: 12    Spells: 1/1 levels left

rFire    . . .     SeeInvis .   a - +0 war axe
rCold    . . .     Gourm    .   c - +0 shield
rNeg     . . .     Faith    .   b - +0 scale mail
rPois    .         Spirit   .   (no helmet)
rElec    .         Reflect  .   (no cloak)
rCorr    .         Harm     .   (no gloves)
MR       .....                  (no boots)
Stlth    +.........             (no amulet)
HPRegen  0.08/turn              (no ring)
MPRegen  0.08/turn              (no ring)

@: no status effects
A: nightstalker 1
a: no special abilities


You were on level 1 of the Dungeon.
You were not hungry.

You visited 1 branch of the dungeon, and saw 1 of its levels.

You collected 9 gold pieces.

Inventory:

Hand Weapons
 a - a +0 war axe (weapon)
Armour
 b - a +0 scale mail (worn)
 c - a +0 shield (worn)
Potions
 d - a potion of might
 e - a potion of mutation {unknown}
Comestibles
 f - a ration
 g - 2 chunks of flesh {@w0@w0}


   Skills:
 + Level 3.1 Fighting
 + Level 2.0 Axes
 + Level 2.9 Armour
 - Level 2.7 Shields


You had one spell level left.
You didn't know any spells.

Dungeon Overview and Level Annotations

Branches:
Dungeon (1/15)

Altars:


Innate Abilities, Weirdness & Mutations

You are slightly more attuned to the shadows.


Message History

No target in view!
Sorry, you're not good enough to have a special ability.
e - an orange potion No target in view!
No target in view!
No target in view!
No target in view!
No target in view!
No target in view!
You now have 9 gold pieces.
A rat comes into view.
The rat bites you but does no damage.
You slash the rat!
You kill the rat!
No target in view!
No target in view!
No target in view!
No target in view!
No target in view!
No target in view!
No target in view!
No target in view!
You butcher the rat corpse.
g - a chunk of flesh {@w0@w0} You see here a rat skeleton. x2
A rat comes into view.
You barely miss the rat. The rat bites you but does no damage.
You closely miss the rat. The rat bites you but does no damage.
The rat twitches its whiskers.
The rat bites you.
You take 3 damage, and have 15/18 hp.
Your shield and scale mail prevent you from hitting the rat.
You block the rat's attack.
Your shield and scale mail prevent you from hitting the rat.
The rat barely misses you. x2
You slash the rat!
You kill the rat!
No target in view!
No target in view!
No target in view!
No target in view!
No target in view!
No target in view!
No target in view!
A bat and a kobold come into view.
The kobold shouts!
You hit the kobold. The bat hits you but does no damage. The kobold hits you.
You block the kobold's attack.
You take 2 damage, and have 14/18 hp.
You hit the kobold but do no damage. You miss the bat.
The bat hits you but does no damage. The kobold closely misses you.
You hit the kobold. The bat hits you but does no damage.
You block the kobold's attack. x2
You barely miss the kobold. You block the bat's attack.
The bat hits you but does no damage. You block the kobold's attack.
The bat hits you but does no damage.
You closely miss the kobold. You barely miss the bat.
The bat hits you but does no damage. You block the kobold's attack. x2
You slash the kobold!
You kill the kobold!
You block the bat's attack. The bat hits you but does no damage.
You block the bat's attack. The bat barely misses you.
A rat comes into view.
The bat hits you but does no damage. You block the bat's attack.
You slash the bat!
You kill the bat!
The rat bites you but does no damage.
You closely miss the rat. The rat bites you but does no damage.
The rat barely misses you.
You closely miss the rat. You block the rat's attack.
You closely miss the rat. The rat closely misses you.
You block the rat's attack.
You hit the rat.
You kill the rat!
No target in view!
No target in view!
No target in view!
No target in view!
No target in view!
No target in view!
No target in view!
You butcher the rat corpse.
g - 2 chunks of flesh {@w0@w0} (gained 1)
A dart slug comes into view.
The dart slug bites you.
You take 3 damage, and have 13/18 hp.
You slash the dart slug! The dart slug barely misses you.
You hit the dart slug. The dart slug launches a dart at you.
The slug dart misses you.
You hit the dart slug but do no damage. You block the dart slug's attack.
You slash the dart slug!
You kill the dart slug!
Your Axes skill increases to level 2!
You have reached level 2!
Your demonic ancestry asserts itself...
You slip into the darkness of the dungeon.
You regained 5 hp, and now have 18/24 hp.
MP restored: 2

..#.#####......#. .
................... ..
###.#...#...####.####..
#.#.....###..........
#.##..............PPP
...........###.#....♣
##...#..#..###....♣♣
#.###......#.†...P♣
#......#....@# #
..##.......#
..##...###.... .....#.
##..PP♣ .#### #.PP.♣
.....PP .....P..
#.......


There were no monsters in sight!

Vanquished Creatures
  A dart slug (D:1)
  A bat (D:1)
  A kobold (D:1)
  4 rats (D:1)
7 creatures vanquished.

Notes
Turn   | Place    | Note
-------+----------+-------------------------------------------
     0 | D:1      | shakethe the Demonspawn Fighter began the quest for the Orb.
     0 | D:1      | Reached XP level 1. HP: 18/18 MP: 1/1
    96 | D:1      | Reached skill level 2 in Axes
    96 | D:1      | Gained mutation: You are slightly more attuned to the shadows. [demonic ancestry]
    96 | D:1      | Reached XP level 2. HP: 17/24 MP: 2/2
    97 | D:1      | Quit the game

Skill      XL: |  1 |
---------------+----+-----
Axes           | 2 |  2.0
Fighting       | |  3.1
Armour         | |  2.9
Shields        | |  2.7

Action                   || total
-------------------------++-------
Melee: War axe           ||    22
Armor: Scale mail        ||    13
Dodge: Dodged            ||     9
Block: Shield            ||    14

Vault maps used:
D:1:      saegor_arrival_simple_d, serial_forest, infiniplex_forest_lined_1,
          infiniplex_forest_clump_double, infiniplex_forest_3_way,
          infiniplex_forest_lined_room_2, infiniplex_forest_clump_C,
          infiniplex_forest_fountain, infiniplex_forest_diagonal,
          infiniplex_forest_clump_long

Table legend:
 A = Turns spent in this place as a percentage of turns spent in the entire game.
 B = Non-inter-level travel turns spent in this place as a percentage of non-inter-level travel turns spent in the entire game.
 C = Inter-level travel turns spent in this place as a percentage of turns spent in this place.
 D = Turns resting spent in this place as a percentage of non-inter-level travel turns spent in this place.
 E = Turns spent auto-exploring this place as a percentage of non-inter-level travel turns spent in this place.
 F = Non-inter-level travel turns spent in this place divided by the number of levels of this place that you've seen.
                   A       B       C       D       E      F
               +-------+-------+-------+-------+-------+----------------------
         Total | 100.0 | 100.0 |   0.0 |   0.0 |  58.8 |  97.0
       Dungeon | 100.0 | 100.0 |   0.0 |   0.0 |  58.8 |  97.0
               +-------+-------+-------+-------+-------+----------------------

Table legend:
 A = Kills in this place as a percentage of kills in entire the game.
 B = Kills by you in this place as a percentage of kills by you in the entire game.
 C = Kills by friends in this place as a percentage of kills by friends in the entire game.
 D = Other kills in this place as a percentage of other kills in the entire game.
 E = Experience gained in this place as a percentage of experience gained in the entire game.
 F = Experience gained in this place divided by the number of levels of this place that you have seen.
                   A       B       C       D       E      F
               +-------+-------+-------+-------+-------+----------------------
         Total | 100.0 | 100.0 |   N/A |   N/A | 100.0 |  12.0
       Dungeon | 100.0 | 100.0 |   N/A |   N/A | 100.0 |  12.0
               +-------+-------+-------+-------+-------+----------------------
